 Dungeon Sprint DCSS version 0.21-a0-71-g5e5ddd2 (webtiles) character file.

5698 Kidiri the Eclecticist (level 10, -1/63 HPs)
             Began as a Deep Elf Fire Elementalist on June 19, 2017.
             Was the Champion of Vehumet.
             Succumbed to a spiny frog's poison
             ... in the Dungeon (Sprint III: "The Ten Rune Challenge").
             The game lasted 00:15:44 (2175 turns).

Kidiri the Eclecticist (Deep Elf Fire Elementalist) Turns: 2175, Time: 00:15:45

Health: -1/63      AC:  2    Str:  7    XL:     10   Next: 47%
Magic:  14/31      EV: 19    Int: 28    God:    Vehumet [******]
Gold:   20         SH:  0    Dex: 15    Spells: 2/39 levels left

rFire    + . .     SeeInvis .   t - +0 dagger
rCold    x . .     Gourm    .   (no shield)
rNeg     . . .     Faith    .   a - +0 robe
rPois    .         Spirit   .   (no helmet)
rElec    .         Reflect  .   (no cloak)
rCorr    .         Harm     .   (no gloves)
MR       +....     NoTele   +   (no boots)
Stlth    +.........             (no amulet)
HPRegen  0.20/turn              j - +4 ring of intelligence
MPRegen  0.22/turn              k - ring of fire

@: lethally poisoned (-1 -> -31), very slow
A: strong 1, evolution 1
a: Renounce Religion


You were in the Dungeon.
You worshipped Vehumet.
Vehumet was exalted by your worship.
You were not hungry.

You visited 1 branch You collected 20 gold pieces.

Inventory:

Hand Weapons
 t - a +0 dagger (weapon)
Missiles
 u - a throwing net (quivered)
Armour
 a - a +0 robe (worn)
Jewellery
 j - a +4 ring of intelligence (left hand)
 k - a ring of fire (right hand)
Scrolls
 m - a scroll of immolation
 o - 2 scrolls of remove curse
Potions
 f - a potion of haste
 g - 2 potions of magic
 q - 2 potions of flight
 r - a potion of resistance
 s - 4 potions of mutation
Books
 b - a book of Flames

   Spells                             Type                      Level
   a - Flame Tongue                   Conjuration/Fire             1
   b - Throw Flame                    Conjuration/Fire             2
   c - Conjure Flame                  Conjuration/Fire             3
   d - Inner Flame                    Hexes/Fire                   3
   e - Sticky Flame                   Conjuration/Fire             4
   f - Fireball                       Conjuration/Fire             5
 x - a book of Minor Magic

   Spells                             Type                      Level
   a - Magic Dart                     Conjuration                  1
   b - Blink                          Translocation                2
   c - Call Imp                       Summoning                    2
   d - Slow                           Hexes                        2
   e - Conjure Flame                  Conjuration/Fire             3
   f - Mephitic Cloud                 Conjuration/Poison/Air       3
 y - a book of Cantrips

   Spells                             Type                      Level
   a - Confusing Touch                Hexes                        1
   b - Animate Skeleton               Necromancy                   1
   c - Summon Small Mammal            Summoning                    1
   d - Apportation                    Translocation                1
Comestibles
 c - 2 bread rations
 d - 26 royal jellies
 p - a meat ration


   Skills:
 + Level 7.0 Fighting
 + Level 7.4 Short Blades
 + Level 7.0 Armour
 + Level 10.5 Dodging
 - Level 2.4 Stealth
 * Level 15.1 Spellcasting
 + Level 9.4 Conjurations
 + Level 9.9 Fire Magic
 + Level 6.2 Air Magic
 + Level 2.9 Earth Magic
 + Level 6.9 Poison Magic


You had 2 spell levels left.
You knew the following spells:

 Your Spells              Type           Power        Failure   Level  Hunger
a - Flame Tongue          Conj/Fire      #####        1%          1    None
b - Throw Flame           Conj/Fire      ######       1%          2    None
c - Conjure Flame         Conj/Fire      #######.     1%          3    None
d - Inner Flame           Hex/Fire       ######..     1%          3    None
e - Sticky Flame          Conj/Fire      #######.     1%          4    None
f - Fireball              Conj/Fire      #######...   1%          5    None
g - Lee's Rapid Deconstr  Erth           #####.....   5%          5    None
h - Iron Shot             Conj/Erth      ######....   8%          6    ####...
i - Mephitic Cloud        Conj/Pois/Air  ######..     1%          3    None
j - Venom Bolt            Conj/Pois      ######....   1%          5    None


Dungeon Overview and Level Annotations

Branches:
Dungeon (1/1)

Altars:
Cheibriados
Dithmenos
Elyvilon
Fedhas
Gozag
Hepliaklqana
Kikubaaqudgha
Makhleb
Nemelex Xobeh
Okawaru
Qazlal
Ru
Sif Muna
Trog
Uskayaw
Vehumet
Wu Jian
Xom
Yredelemnul
Zin
The Shining One
Beogh
Jiyva
Lugonu

Annotations:
D exclusion: door


Innate Abilities, Weirdness & Mutations

Your muscles are strong. (Str +2)
You evolve.


Message History

Aiming: Venom Bolt
Press: ? - help, Shift-Dir - straight line, f/p - spiny frog
Aim: a spiny frog (heavily wounded)
The bolt of poison hits the spiny frog.
You kill the spiny frog!
Vehumet accepts your kill.
You feel your power returning.
Your Fighting skill increases to level 7!
The bolt of poison hits the spiny frog.
The spiny frog is poisoned.
The spiny frog is almost dead.
* * * LOW HITPOINT WARNING * * *
You feel very sick. The spiny frog stings you!
* * * LOW HITPOINT WARNING * * *
Okay, then.
* * * LOW HITPOINT WARNING * * *
You feel very sick. The spiny frog barely misses you.
Unknown command.
You die...

≈.♣...'.⌠.......†#$#
≈≈≈♣♣.#...######'#.#
≈≈....#.⌠.#__#...#+##############
≈.....#...#__#...#....#)#.#..)..#
..)...#+###__#...##.#))#.##.###.#
......#..[#__#...'##.#.#.##)#..##
......#___#__+...#...#..#..##).'.
▓▓▓▓▓▓▓▓▓▓▓▓▓▓▓▓▓▓▓▓▓▓▓▓▓▓▓▓▓▓▓#.
♣F≈@........≈≈≈...#.
♣'♣≈≈≈≈≈≈≈≈≈≈≈≈♣♣P.'.
.≈♣♣♣♣♣♣♣♣♣♣♣♣♣♣♣♣PP#. #.. ♣♣♣##
##


You could see a spiny frog.

Vanquished Creatures
  Erolcha (D)
  A deep elf mage (D)
  A spiny frog (D)
  A komodo dragon (D)
  A queen bee (D)
  3 wandering mushrooms (D)
  2 redbacks (D)
  A shadow (D)
  A spatial vortex (D)
  A necrophage (D)
  5 two-headed ogres (D)
  A water elemental (D)
  31 killer bees (D)
  A jelly (D)
  Jessica (D)
  A necromancer (D)
  A wizard (D)
  3 humans (D)
  A kobold demonologist (D)
  An ooze (D)
  A phantom (D)
  A rat (D)
61 creatures vanquished.

Vanquished Creatures (others)
  2 draconian scorchers (D)
  6 hellions (D)
  A yaktaur (D)
  A killer bee (D)
10 creatures vanquished.

Grand Total: 71 creatures vanquished

Notes
Turn   | Place    | Note
-------+----------+-------------------------------------------
     0 | D        | Kidiri the Deep Elf Fire Elementalist began the quest for the Orb.
     0 | D        | Reached XP level 1. HP: 10/10 MP: 6/6
    55 | D        | Noticed Jessica
    56 | D        | Killed Jessica
    56 | D        | Reached skill level 1 in Fighting
    56 | D        | Reached skill level 1 in Armour
    56 | D        | Reached skill level 5 in Spellcasting
    56 | D        | Reached XP level 2. HP: 16/16 MP: 7/10
    56 | D        | Reached XP level 3. HP: 20/20 MP: 7/11
    57 | D        | Killed a hellion
    60 | D        | Learned a level 2 spell: Throw Flame
    64 | D        | Learned a level 3 spell: Conjure Flame
    68 | D        | Learned a level 3 spell: Inner Flame
   120 | D        | Killed a hellion
   126 | D        | Killed a hellion
   129 | D        | Killed a hellion
   173 | D        | Killed a white draconian scorcher
   183 | D        | Killed a hellion
   190 | D        | Reached skill level 6 in Spellcasting
   210 | D        | Gained mutation: Your muscles are strong. (Str +2) [potion of mutation]
   210 | D        | Gained mutation: You are clumsy. (Dex -2) [potion of mutation]
   210 | D        | Gained mutation: You evolve. [potion of mutation]
   210 | D        | Lost mutation: You are clumsy. (Dex -2) [potion of mutation]
   245 | D        | Noticed a water elemental
   247 | D        | Killed a water elemental
   247 | D        | Reached skill level 5 in Dodging
   247 | D        | Reached skill level 7 in Spellcasting
   247 | D        | Reached skill level 5 in Fire Magic
   247 | D        | Reached XP level 4. HP: 27/27 MP: 8/15
   253 | D        | Learned a level 4 spell: Sticky Flame
   261 | D        | Killed a white draconian scorcher
   294 | D        | Found a radiant altar of Vehumet.
   295 | D        | Noticed a wizard
   296 | D        | Killed a wizard
   298 | D        | Found a deep blue altar of Sif Muna.
   298 | D        | Found an ancient bone altar of Kikubaaqudgha.
   298 | D        | Reached XP level 5. HP: 28/32 MP: 7/17
   302 | D        | Killed a yaktaur
   316 | D        | Learned a level 5 spell: Fireball
   319 | D        | Became a worshipper of Vehumet
   322 | D        | Killed a hellion
   363 | D        | Found a glowing silver altar of Zin.
   364 | D        | Found a glowing golden altar of the Shining One.
   364 | D        | Found a white marble altar of Elyvilon.
   364 | D        | Noticed a deep elf mage
   373 | D        | Killed a deep elf mage
   373 | D        | Reached skill level 10 in Spellcasting
   373 | D        | Reached skill level 5 in Conjurations
   373 | D        | Reached XP level 6. HP: 38/38 MP: 14/21
   373 | D        | Reached XP level 7. HP: 43/43 MP: 15/23
   378 | D        | Learned a level 3 spell: Mephitic Cloud
   420 | D        | Found an ornate altar of the Wu Jian Council.
   420 | D        | Found a roughly hewn altar of Beogh.
   420 | D        | Found an iron altar of Okawaru.
   420 | D        | Found a bloodstained altar of Trog.
   420 | D        | Found a hide-covered altar of Uskayaw.
   420 | D        | Noticed a human
   422 | D        | Noticed a human
   436 | D        | Killed a human
   436 | D        | Reached skill level 11 in Spellcasting
   436 | D        | Reached skill level 1 in Air Magic
   436 | D        | Reached skill level 1 in Poison Magic
   440 | D        | Killed a human
   440 | D        | Reached * piety under Vehumet
   440 | D        | Offered knowledge of Shock by Vehumet.
   668 | D        | Found a basalt altar of Yredelemnul.
   668 | D        | Found a shadowy altar of Dithmenos.
   668 | D        | Found a sacrificial altar of Ru.
   737 | D        | Reached ** piety under Vehumet
   737 | D        | Offered knowledge of Sting by Vehumet.
   739 | D        | Noticed a shadow
   748 | D        | Killed a shadow
   748 | D        | Reached skill level 5 in Fighting
   748 | D        | Reached skill level 5 in Armour
   748 | D        | Reached XP level 8. HP: 49/49 MP: 13/25
   809 | D        | Found a blossoming altar of Fedhas.
   809 | D        | Found a stormy altar of Qazlal.
   809 | D        | Found a snail-covered altar of Cheibriados.
   809 | D        | Found a burning altar of Makhleb.
   809 | D        | Found a shimmering altar of Xom.
   810 | D        | Found a hazy altar of Hepliaklqana.
   810 | D        | Found an opulent altar of Gozag.
   810 | D        | Found a sparkling altar of Nemelex Xobeh.
   810 | D        | Found a corrupted altar of Lugonu.
   810 | D        | Found a viscous altar of Jiyva.
   827 | D        | Reached skill level 12 in Spellcasting
   909 | D        | Offered knowledge of Dazzling Spray by Vehumet.
   909 | D        | Reached skill level 5 in Short Blades
   911 | D        | Reached *** piety under Vehumet
  1033 | D        | Noticed a two-headed ogre
  1041 | D        | Killed a two-headed ogre
  1127 | D        | Noticed a two-headed ogre
  1138 | D        | Killed a two-headed ogre
  1138 | D        | Offered knowledge of Force Lance by Vehumet.
  1229 | D        | Noticed Erolcha
  1234 | D        | Reached **** piety under Vehumet
  1234 | D        | Reached skill level 13 in Spellcasting
  1234 | D        | Reached XP level 9. HP: 36/55 MP: 17/28
  1245 | D        | Killed Erolcha
  1245 | D        | Reached skill level 5 in Poison Magic
  1354 | D        | Offered knowledge of Venom Bolt by Vehumet.
  1354 | D        | Reached skill level 5 in Air Magic
  1423 | D        | Learned a level 5 spell: Venom Bolt
  1427 | D        | Reached ***** piety under Vehumet
  1427 | D        | Offered knowledge of Lee's Rapid Deconstruction by Vehumet.
  1428 | D        | Reached skill level 14 in Spellcasting
  1473 | D        | Reached ****** piety under Vehumet
  1473 | D        | Reached XP level 10. HP: 25/61 MP: 3/30
  1682 | D        | Learned a level 5 spell: Lee's Rapid Deconstruction
  1686 | D        | Offered knowledge of Iron Shot by Vehumet.
  1697 | D        | Learned a level 6 spell: Iron Shot
  1754 | D        | Reached skill level 10 in Dodging
  1822 | D        | Reached skill level 1 in Earth Magic
  1827 | D        | Offered knowledge of Lightning Bolt by Vehumet.
  2169 | D        | Noticed a spiny frog
  2169 | D        | Noticed a spiny frog
  2171 | D        | Reached skill level 15 in Spellcasting
  2173 | D        | Killed a spiny frog
  2174 | D        | HP: 3/63 [poisoned by a spiny frog]
  2175 | D        | Succumbed to a spiny frog's poison

Vault maps used:
D:        dungeon_sprint_mu

Skill      XL: |  1  2  3  4  5  6  7  8  9 10 |
---------------+-------------------------------+-----
Dodging        | 3 5 7 8 9 10 | 10.5
Fighting       | 1 2 4 5 6 7 |  7.0
Armour         | 1 2 4 5 6 7 |  7.0
Spellcasting   | 5 7 10 11 13 14 15 | 15.1
Conjurations   | 2 3 4 5 6 7 8 9 |  9.4
Fire Magic     | 4 5 6 7 8 9 |  9.9
Short Blades   | 3 4 5 6 7 |  7.4
Air Magic      | 2 4 5 6 |  6.2
Poison Magic   | 2 4 6 |  6.9
Earth Magic    | 2 |  2.9
Stealth        | |  2.4

Action                   |  1- 3 |  4- 6 |  7- 9 | 10-12 || total
-------------------------+-------+-------+-------+-------++-------
Melee: Unarmed           |       |     1 |       |       ||     1
       Dagger            |       |     1 |     4 |       ||     5
 Cast: Flame Tongue      |    18 |     1 |    54 |     5 ||    78
       Conjure Flame     |     1 |       |     4 |     3 ||     8
       Sticky Flame      |       |     3 |    14 |     5 ||    22
       Throw Flame       |       |       |     2 |       ||     2
       Mephitic Cloud    |       |       |     5 |     1 ||     6
       Inner Flame       |       |       |     3 |     1 ||     4
       Venom Bolt        |       |       |     8 |     9 ||    17
       Iron Shot         |       |       |       |     2 ||     2
       Lee's Rapid Decon |       |       |       |     2 ||     2
  Use: Potion            |     1 |       |     4 |       ||     5
       Scroll            |       |     3 |     1 |       ||     4
 Stab: Sleeping          |       |     1 |       |       ||     1
  Eat: Chunk             |       |       |     2 |       ||     2
       Royal jelly       |       |       |       |     1 ||     1
Dodge: Dodged            |     4 |     2 |    83 |    16 ||   105
